 Dungeon Crawl Stone Soup version 0.22-a0-148-gf2798f9f4d (webtiles) character file.

3479 MrRokkomies the Jinx (level 9, 0/57 HPs)
             Began as a Vampire Enchanter on Feb 7, 2018.
             Was a Believer of Kikubaaqudgha.
             Slain by a two-headed ogre
             ... wielding a +0 giant spiked club
              (16 damage)
             ... on level 8 of the Dungeon.
             The game lasted 00:24:18 (11437 turns).

MrRokkomies the Jinx (Vampire Enchanter)           Turns: 11437, Time: 00:24:19

Health: 0/57       AC:  7    Str:  7    XL:     9   Next: 79%
Magic:  15/21      EV: 16    Int: 21    God:    Kikubaaqudgha [**....]
Gold:   514        SH:  0    Dex: 14    Spells: 1/12 levels left

rFire    + . .     SeeInvis +   a - +3 short sword
rCold    . . .     Gourm    .   (no shield)
rNeg     + . .     Faith    .   u - +2 robe {rF+}
rPois    .         Spirit   .   C - +0 helmet
rElec    .         Reflect  .   o - +1 cloak
rCorr    .         Harm     .   (no gloves)
MR       .....                  (no boots)
Stlth    ++++......             (no amulet)
HPRegen  0.19/turn              k - ring of magical power
MPRegen  0.17/turn              s - ring of stealth

@: no status effects
A: fangs 3, see invisible, unbreathing
a: Bat Form, Receive Corpses, Renounce Religion


You were on level 8 of the Dungeon.
You worshipped Kikubaaqudgha.
Kikubaaqudgha was pleased with you.
You were not thirsty.

You visited 2 branches of the dungeon, and saw 9 of its levels.

You collected 514 gold pieces.

Inventory:

Hand Weapons
 a - a +3 short sword (weapon)
 b - a +2 vampiric scimitar
 q - a +0 hunting sling
 v - the +5 long sword "Lerryzal" {speed, MR+ MP+9 Stlth+}
   (You found it on level 5 of the Dungeon)

   Attacks with this weapon are significantly faster.
   It affects your resistance to hostile enchantments.
   It affects your magic capacity (+9).
   It makes you more stealthy.
 B - a +1 long sword of protection
Missiles
 e - 32 sling bullets
 j - 198 stones (quivered)
 G - a throwing net
 H - 7 poisoned needles
Armour
 o - a +1 cloak (worn)
 u - a +2 robe of fire resistance (worn)
 w - a scarf of cloud immunity
 C - a +0 helmet (worn)
Magical Staves
 t - an uncursed staff of fire
Jewellery
 k - a ring of magical power (left hand)
 s - a ring of stealth (right hand)
Wands
 m - a wand of acid (7)
 y - a wand of polymorph (16)
 E - a wand of random effects (33)
Scrolls
 g - 5 scrolls of teleportation
 x - a scroll of magic mapping
Potions
 d - 3 potions of haste
 f - 4 potions of cancellation
 h - a potion of agility
 i - 4 potions of might
 l - a potion of curing
 n - a potion of brilliance
 p - a potion of berserk rage
 r - a potion of degeneration {unknown}
 z - a potion of flight {unknown}
 F - a potion of mutation {unknown}
Books
 c - a book of Maledictions

   Spells                             Type                      Level
   a - Corona                         Hexes                        1
   b - Ensorcelled Hibernation        Hexes/Ice                    2
   c - Confuse                        Hexes                        3
   d - Tukima's Dance                 Hexes                        3
   e - Dazzling Spray                 Conjuration/Hexes            3
 D - Kikubaaqudgha's Collected Works on Evil Rites
   (Kikubaaqudgha gifted it to you on level 7 of the Dungeon)

   Spells                             Type                      Level
   a - Pain                           Necromancy                   1
   b - Corpse Rot                     Necromancy                   2
   c - Sublimation of Blood           Necromancy                   2
   d - Vampiric Draining              Necromancy                   3


   Skills:
 - Level 6.1(8.4) Short Blades
 * Level 8.1(8.9) Long Blades
 * Level 6.7 Dodging
 - Level 4.4 Stealth
 - Level 2.0 Spellcasting
 - Level 12.0 Hexes


You had one spell level left.
You knew the following spells:

 Your Spells              Type           Power        Failure   Level  Hunger
a - Tukima's Dance        Hex            ######..     1%          3    ###....
b - Ensorcelled Hibernat  Hex/Ice        ####..       1%          2    ##.....
c - Confuse               Hex            ######..     1%          3    ###....
d - Vampiric Draining     Necr           #.........   41%         3    ###....


Dungeon Overview and Level Annotations

Branches:
Dungeon (8/15)             Temple (1/1) D:4
   Lair: D:8-11

Altars:
Ashenzari
Cheibriados
Dithmenos
Elyvilon
Fedhas
Gozag
Hepliaklqana
Kikubaaqudgha
Makhleb
Nemelex Xobeh
Okawaru
Qazlal
Ru
Sif Muna
Trog
Uskayaw
Vehumet
Wu Jian
Xom
Yredelemnul
Zin
The Shining One

Shops:
D:7 ?


Innate Abilities, Weirdness & Mutations

You have razor-sharp teeth.
You have supernaturally acute eyesight. (SInv)
You can survive without breathing.


Message History

You barely miss the two-headed ogre.
Casting: Confuse (safe; 1% risk of failure)
Confirm with . or Enter, or press ? or * to list all spells.
Aiming: Tukima's Dance (safe; 1% risk of failure)
Press: ? - help, Shift-Dir - straight line, f - two-headed ogre
Aim: a two-headed ogre, wielding a giant club and a giant spiked club (chance to defeat MR: 67%)
The giant club dances into the air!
The two-headed ogre wields a giant spiked club.
The two-headed ogre hits you with a giant spiked club! x2
Casting: Tukima's Dance (safe; 1% risk of failure)
Confirm with . or Enter, or press ? or * to list all spells.
Aiming: Tukima's Dance (safe; 1% risk of failure)
Press: ? - help, Shift-Dir - straight line, f/p - two-headed ogre
Aim: a two-headed ogre, wielding a giant spiked club (chance to defeat MR: 67%)
The two-headed ogre struggles to resist.
The two-headed ogre hits you with a giant spiked club!
* * * LOW HITPOINT WARNING * * *
The two-headed ogre hits you with a giant spiked club!
You die...
Kikubaaqudgha rasps: "You have failed me!
Welcome... oblivion!"

+ #######.#
#..........# # #...#
#..........# .
##.###########..#####.#
.(
#.....................#
#..############..######
#..# ###### ##.# #..#
#$.($# #.# #..#
###O#####.# #..#
#$##@##.##.# ####
#........'.#
#$##.##.##.# #
#.#####.# $.. #.# ##.#
#.# #.# #.# ... #.# #.#
#.#


You could see a two-headed ogre and a friendly giant club.

Vanquished Creatures
  A hippogriff (D:8)
  Eustachio (D:6)
  2 ice beasts (D:7)
  An orc warrior (D:3)
  A sky beast (D:5)
  2 centaurs (D:7)
  4 ogres
  A big kobold (D:8)
  4 bullfrogs
  A scorpion (D:8)
  17 killer bees
  A crimson imp (D:7)
  A centaur zombie (D:7)
  A quasit (D:6)
  4 orc priests
  2 hounds
  A jelly (D:7)
  Crazy Yiuf (D:2)
  A bullfrog skeleton (D:8)
  2 centaur skeletons
  Terence (D:2)
  2 iguanas
  6 orc wizards
  2 worker ants
  A killer bee zombie (D:5)
  2 hound skeletons (D:8)
  10 adders
  11 gnolls
  2 shadow imps (D:5)
  3 oozes
  An adder zombie (D:8)
  3 adder skeletons
  2 worms
  4 dart slugs
  A leopard gecko (D:7)
  14 orcs
  4 bats
  5 giant cockroaches
  4 goblins
  8 hobgoblins
  6 jackals
  3 quokkas
  3 ball pythons
  3 frilled lizards
  12 kobolds
  3 rats (D:1)
165 creatures vanquished.

Vanquished Creatures (collateral kills)
  An ogre (D:7)
  A gnoll shaman (D:7)
  3 gnolls (D:7)
  An orc (D:7)
  3 hobgoblins (D:7)
9 creatures vanquished.

Grand Total: 174 creatures vanquished

Notes
Turn   | Place    | Note
-------+----------+-------------------------------------------
     0 | D:1      | MrRokkomies the Vampire Enchanter began the quest for the Orb.
     0 | D:1      | Reached XP level 1. HP: 13/13 MP: 3/3
   471 | D:1      | Reached XP level 2. HP: 12/19 MP: 5/5
   630 | D:1      | Learned a level 2 spell: Ensorcelled Hibernation
   687 | D:1      | Reached skill level 5 in Hexes
  1265 | D:1      | Reached XP level 3. HP: 9/24 MP: 6/6
  1897 | D:2      | Found a bloodstained altar of Trog.
  2183 | D:2      | Found a runed door.
  2369 | D:2      | Reached XP level 4. HP: 11/30 MP: 4/7
  2371 | D:2      | Reached skill level 6 in Hexes
  2678 | D:2      | Noticed Terence
  2710 | D:2      | Killed Terence
  2733 | D:2      | Learned a level 3 spell: Confuse
  3182 | D:2      | Noticed Crazy Yiuf
  3188 | D:2      | Killed Crazy Yiuf
  3267 | D:2      | Reached XP level 5. HP: 9/35 MP: 1/8
  3354 | D:3      | Reached skill level 7 in Hexes
  4125 | D:3      | Noticed an orc warrior
  4132 | D:3      | Reached XP level 6. HP: 31/41 MP: 2/9
  4195 | D:3      | Found a shattered altar of Ashenzari.
  4243 | D:3      | HP: 2/41 [orc wizard/magic dart (3)]
  5205 | D:3      | Killed an orc warrior
  5205 | D:3      | Reached skill level 5 in Short Blades
  5205 | D:3      | Reached skill level 8 in Hexes
  5523 | D:4      | Reached XP level 7. HP: 41/46 MP: 0/10
  5607 | D:4      | Found a staircase to the Ecumenical Temple.
  5615 | Temple   | Entered the Ecumenical Temple
  5774 | Temple   | Became a worshipper of Kikubaaqudgha
  6039 | D:4      | Learned a level 3 spell: Tukima's Dance
  6118 | D:4      | Reached skill level 9 in Hexes
  6750 | D:5      | Entered Level 5 of the Dungeon
  6770 | D:5      | Reached skill level 1 in Long Blades
  7083 | D:5      | Got a pitted long sword
  7179 | D:5      | Reached skill level 10 in Hexes
  7255 | D:5      | Reached XP level 8. HP: 34/52 MP: 11/11
  7632 | D:6      | Found a hazy altar of Hepliaklqana.
  7632 | D:6      | Found a shadowy altar of Dithmenos.
  7700 | D:6      | Reached skill level 11 in Hexes
  8363 | D:6      | Noticed Eustachio
  8392 | D:6      | Killed Eustachio
  9143 | D:7      | Identified the +5 long sword "Lerryzal" {speed, MR+ MP+9 Stlth+} (You found it on level 5 of the Dungeon)
  9422 | D:7      | Got a brightly glowing long sword
  9423 | D:7      | Identified the +0 long sword of the Valley {protect, rElec Dex+4 Stlth+} (You found it on level 7 of the Dungeon)
  9448 | D:7      | Reached skill level 5 in Long Blades
  9620 | D:7      | Reached skill level 12 in Hexes
  9840 | D:7      | Reached XP level 9. HP: 34/57 MP: 12/12
  9857 | D:7      | Reached * piety under Kikubaaqudgha
  9857 | D:7      | Identified Kikubaaqudgha's Collected Works on Evil Rites (Kikubaaqudgha gifted it to you on level 7 of the Dungeon)
  9857 | D:7      | Received a gift from Kikubaaqudgha
  9980 | D:7      | Learned a level 3 spell: Vampiric Draining
 10038 | D:7      | Found Owalem's Magic Scroll Emporium.
 10633 | D:7      | Reached skill level 5 in Dodging
 11000 | D:7      | Identified a scroll of acquirement
 11135 | D:8      | Reached ** piety under Kikubaaqudgha
 11431 | D:8      | Noticed a two-headed ogre
 11437 | D:8      | Slain by a two-headed ogre

Vault maps used:
D:1:      dpeg_arrival_rooms_with_view
D:2:      bloody_trog, grunt_decor_cap, uniq_crazy_yiuf_cottage, uniq_terence
D:3:      lemuel_doored_altar, cheibrodos_sewer_entry_bend
D:4:      minmay_diamond_boxcup, minmay_temple_entry_mist
D:5:      first_ration, interstate_on_off, hex_intersection
D:6:      gammafunk_temple_overflow_wave, lemuel_old_faithful, uniq_eustachio
D:7:      serial_shops, nicolae_shop_statue_plus, sigmund_army
D:8:      hangedman_cross_veins, uniq_grum
Temple:   dpeg_five_rooms_temple

Skill      XL: |  1  2  3  4  5  6  7  8  9 |
---------------+----------------------------+-----
Short Blades   | 2 3 4 5 6 |  6.1
Hexes          | 5 6 7 8 10 12 | 12.0
Long Blades    | 3 6 8 |  8.1
Dodging        | 3 6 |  6.7
Stealth        | |  4.4
Spellcasting   | |  2.0

Action                   |  1- 3 |  4- 6 |  7- 9 || total
-------------------------+-------+-------+-------++-------
Melee: Dagger            |    34 |       |       ||    34
       Bite              |     9 |     9 |    38 ||    56
       Short sword       |    61 |    99 |   257 ||   417
       Scimitar          |       |       |    97 ||    97
 Fire: Hunting sling     |       |     2 |       ||     2
Throw: Stone             |       |     2 |       ||     2
 Cast: Ensorcelled Hiber |     5 |    29 |    56 ||    90
       Confuse           |       |     7 |    12 ||    19
       Tukima's Dance    |       |       |    10 ||    10
Evoke: Wand              |       |       |     2 ||     2
  Use: Scroll            |     2 |     2 |    19 ||    23
       Potion            |       |     1 |     2 ||     3
 Stab: Sleeping          |    14 |    19 |    51 ||    84
       Confused          |       |     1 |     4 ||     5
       Distracted        |       |       |     1 ||     1
  Eat: Corpse            |     3 |     7 |    16 ||    26
Armor: Robe              |     5 |    11 |    89 ||   105
Dodge: Dodged            |    42 |    64 |   259 ||   365
       Rpst.: Scimitar   |       |       |    23 ||    23

Table legend:
 A = Spawn XP
 B = Non-spawn XP
 C = Spawn XP percentage of total XP
 D = Spawn monster count
 E = Non-spawn monster count
 F = Spawn count percentage of total count
 G = Total turns spent on level
                    A         B        C        D         E        F      G
               +---------+---------+-------+---------+---------+-------+---------
         Total |       0 |    4971 |   0.0 |       0 |     174 |   0.0 | 11437
               +---------+---------+-------+---------+---------+-------+---------
           D:1 |       0 |      51 |   0.0 |       0 |      26 |   0.0 |  1886
           D:2 |       0 |     210 |   0.0 |       0 |      20 |   0.0 |  2617
           D:3 |       0 |     332 |   0.0 |       0 |      19 |   0.0 |   979
           D:4 |       0 |     365 |   0.0 |       0 |      16 |   0.0 |  1079
           D:5 |       0 |     583 |   0.0 |       0 |      19 |   0.0 |   778
           D:6 |       0 |     608 |   0.0 |       0 |      10 |   0.0 |  1470
           D:7 |       0 |    2150 |   0.0 |       0 |      46 |   0.0 |  2066
           D:8 |       0 |     672 |   0.0 |       0 |      18 |   0.0 |   373
               +---------+---------+-------+---------+---------+-------+---------
